[Event "Late-Titled-Tuesday-Blitz-January-16-2024"]
[Site "Chess.com"]
[Date "2024.01.16"]
[Round "3"]
[White "Perecke"]
[Black "Mariia89"]
[Result "1-0"]
[WhiteElo "2554"]
[BlackElo "2206"]
[TimeControl "180+1"]
[EndTime "14:27:56 PST"]
[Termination "Perecke won by resignation"]

1. e4 c6 2. d4 d5 3. Nc3 dxe4 4.
Nxe4 Nf6 5. Nxf6+ exf6 6. c3 Be7 7. Bd3 Na6 8. Ne2 Nc7 9. Bf4 Nd5 10. Bg3 Bg4 11.
Qc2 g6 12. O-O-O Bxe2 13. Qxe2 O-O 14. h4 h5 15. Bh2 Bd6 16. g4 Bxh2 17. Rxh2 Nf4 18.
Qf3 Nxd3+ 19. Rxd3 Re8 20. gxh5 Re1+ 21. Kd2 Qe7 22.
hxg6 fxg6 23. Rg2 Kf7 24. h5 g5 25. Rxg5 Re2+ 26. Qxe2 Qxe2+ 27. Kxe2 fxg5 28. Kf3 Kf6 29.
Kg4 Re8 30. Re3 Rh8 31. Rf3+ Ke6 32. Kxg5 Rg8+ 33. Kh6 Rg2 34. Kh7 b5 35. h6 a5 36.
Kh8 b4 37. cxb4 axb4 38. a4 bxa3 39. bxa3 Kd5 40. h7 Kxd4 41. Rf7 c5 42. Rg7 Rxf2 43.
Kg8 Rh2 44. h8=Q Rxh8+ 45. Kxh8 c4 46. a4 c3 47. a5 c2 48. Rc7 Kd3 49. a6 c1=Q 50.
Rxc1 1-0

[Event "Late-Titled-Tuesday-Blitz-January-16-2024"]
[Site "Chess.com"]
[Date "2024.01.16"]
[Round "3"]
[White "sansanathalia"]
[Black "koncheto"]
[Result "0-1"]
[WhiteElo "2378"]
[BlackElo "2587"]
[TimeControl "180+1"]
[EndTime "14:27:57 PST"]
[Termination "koncheto won by resignation"]

1. e4 c5 2. Nf3 d6 3. d4 cxd4 4. Qxd4 a6 5. c4 Nc6 6. Qd2 Bg4 7. Be2 g6 8. O-O Bg7 9. Nc3 Nf6 10. h3 Bxf3 11.
Bxf3 O-O 12. Be2 Nd7 13. b3 Nc5 14. f3 f5 15. exf5 Rxf5 16. Bb2 Qd7 17. Nd5 Bxb2 18. Qxb2 Raf8 19. g4 R5f7 20. Rae1 e5 21. Qc3 Ne6 22. Bd1 Ncd4 23. h4 Nf4 24. Nxf4 Rxf4 25. Kg2 Qc6 26. Kg3 R8f6 27. Bc2 Rxf3+ 28. Qxf3 Rxf3+ 29. Kh2 Rxf1 30. Rxf1 Nxc2 31. Kg3 Nd4 32. h5 d5 33. cxd5 Qxd5 34. Kh4 Nf3+ 35. Kg3 Nd2 36. Rc1 Ne4+ 37. Kh4 Qd8+ 38.
Kh3 Ng5+ 39. Kg3 Qd3+ 40. Kh4 Nf3+ 41. Kg3 Ng1+ 42. Kg2 Qf3+ 43. Kh2 Qh3+ 44. Kxg1 Qe3+ 45. Kg2 Qxc1 46. hxg6 hxg6 47. Kg3 Qb2 48. Kh4 Qxa2 49. Kg5 Qxb3 50. Kxg6 Qg3 0-1

[Event "Late-Titled-Tuesday-Blitz-January-16-2024"]
[Site "Chess.com"]
[Date "2024.01.16"]
[Round "3"]
[White "ATM622"]
[Black "IngOscarArdila"]
[Result "1-0"]
[WhiteElo "2484"]
[BlackElo "2364"]
[TimeControl "180+1"]
[EndTime "14:27:57 PST"]
[Termination "ATM622 won by checkmate"]

1. d4 Nf6 2. c4 e6 3. g3 Be7 4.
Bg2 O-O 5. Nf3 d6 6. O-O Nbd7 7. Nc3 e5 8. e4 c6 9. b3 Qc7 10. Bb2 Re8 11. Qc2 Nf8 12. h3 Ng6 13. Rfd1 Bd7 14.
Rac1 Rad8 15. a4 a5 16. Ba3 Qb8 17. d5 cxd5 18. cxd5 Rc8 19. Qb2 Rc7 20. Nd2 Rec8 21. Nc4 Ne8 22. Nb5 Bg5 23. Rc2 Bxb5 24. axb5 Rd7 25.
h4 Bd8 26. Bh3 Rxc4 27. Rxc4 Rc7 28. Rdc1 b6 29. Rc6 Ne7 30. Rxc7 Bxc7 31. Qc2 Bd8 32. Qc4 g6 33. Rc2 Kg7 34. Bc1 h6 35. h5 Nf6 36.
hxg6 fxg6 37. Be3 Nfg8 38. Be6 Nf6 39. Qe2 Qb7 40. f3 Qb8 41. Qd2 Nfg8 42. Kg2 g5 43.
Rc1 Qb7 44. Bxg5 hxg5 45. Qxg5+ Kf8 46. Rh1 Qc7 47. Rh8 Qc2+ 48. Kh3 Qd1 49. Rxg8+ Nxg8 50. Qxg8+ Ke7 51. Qf7# 1-0

[Event "Late-Titled-Tuesday-Blitz-January-16-2024"]
[Site "Chess.com"]
[Date "2024.01.16"]
[Round "3"]
[White "Harsha_Bharathakoti"]
[Black "WPWPWP-2015"]
[Result "1-0"]
[WhiteElo "2942"]
[BlackElo "2528"]
[TimeControl "180+1"]
[EndTime "14:27:58 PST"]
[Termination "Harsha_Bharathakoti won by resignation"]

1. e4 e5 2. Nf3 Nc6 3. Bb5 Nf6 4. d3 d6 5. O-O Be7 6. c3 O-O 7. Re1 Bg4 8. Nbd2 a6 9. Ba4 b5 10. Bc2 d5 11. h3 Bh5 12. Qe2 dxe4 13. dxe4 h6 14.
Nf1 Bg6 15. Ng3 Bc5 16. b4 Bd6 17. a4 bxa4 18. Bxa4 Ne7 19. Nh4 Bh7 20. Qf3 a5 21. Bxh6 axb4 22. cxb4 Bxb4 23. Red1 Bd6 24. Bg5 Ng6 25.
Nhf5 Nf4 26. Nxd6 cxd6 27. Bxf4 exf4 28. Qxf4 Qe7 29. Bc6 Rxa1 30. Rxa1 Rc8 31. Ra6 Qe5 32. Qxe5 dxe5 33. f3 Bg6 34. h4 Kf8 35. Kf2 Ne8 36.
Bxe8 Kxe8 37. h5 Bh7 38. Nf1 Rc2+ 39. Kg3 Kf8 40. Ne3 Rc8 41. Ng4 f6 42. h6 f5 43.
exf5 Bxf5 44. Nxe5 gxh6 45. Rf6+ Ke7 46. Rxf5 Ke6 47.
Rh5 Rg8+ 48. Ng4 Rg7 49. Rxh6+ Kd5 50. Kf4 Rf7+ 51. Rf6 Rg7 52. Ne3+ Kd4 53. Nf5+ Kd3 54. Nxg7 Ke2 55. Re6+ 1-0

[Event "Late-Titled-Tuesday-Blitz-January-16-2024"]
[Site "Chess.com"]
[Date "2024.01.16"]
[Round "3"]
[White "Championnn-9"]
[Black "Fandorine"]
[Result "0-1"]
[WhiteElo "2529"]
[BlackElo "2955"]
[TimeControl "180+1"]
[EndTime "14:27:59 PST"]
[Termination "Fandorine won by checkmate"]

1. Nf3 Nf6 2. g3 g6 3. Bg2 Bg7 4. O-O O-O 5. c4 d6 6. d3 c5 7. Nc3 Nc6 8. Rb1 Qd7 9. a3 b6 10. b4 Bb7 11. Qd2 Rfd8 12. b5 Ne5 13. e4 Nxf3+ 14. Bxf3 Ng4 15. Bb2 a6 16. bxa6 Rxa6 17. h3 Ne5 18. Bg2 Qxh3 19. Nd5 Qd7 20. f4 Nc6 21. Bxg7 Kxg7 22. Nxb6 Qe8 23. Nd5 Rd7 24. f5 f6 25. fxg6 hxg6 26. Bh3 Ne5 27. Bxd7 Qxd7 28.
Rb3 Bxd5 29. cxd5 Qh3 30. d4 cxd4 31. Qxd4 Ra8 32. Qf2 Rh8 33. Qg2 Qd7 34. Rfb1 Qa7+ 35. Kf1 Ng4 36. Qg1 Rh1 37. Rb6 Rxg1+ 38. Kxg1 Qxa3 39. R1b3 Qc5+ 40. Kg2 Qf2+ 41. Kh3 Ne5 42. Rb2 Qf1+ 43. Rg2 Nf3 44. Rb2 Qh1+ 45. Kg4 Ne5+ 46. Kf4 Qh6# 0-1

[Event "Late-Titled-Tuesday-Blitz-January-16-2024"]
[Site "Chess.com"]
[Date "2024.01.16"]
[Round "3"]
[White "mishanick"]
[Black "FontVella8"]
[Result "1-0"]
[WhiteElo "3082"]
[BlackElo "2743"]
[TimeControl "180+1"]
[EndTime "14:28:00 PST"]
[Termination "mishanick won by resignation"]

1. d4 Nf6 2. c4 e6 3. Nc3 d5 4. Bg5 Be7 5. e3 h6 6. Bh4 O-O 7. Qc2 b6 8. Nf3 Bb7 9. Bxf6 Bxf6 10. cxd5 exd5 11. Rd1 Re8 12. g3 Nd7 13. Bh3 g6 14. O-O Bg7 15. Rfe1 a6 16. Bg2 Nf6 17. Ne5 Qd6 18.
f4 h5 19. Bf3 Rac8 20. Qg2 b5 21. a3 c5 22. dxc5 Rxc5 23. Nd3 Rc4 24. Nb4 Qb6 25. Nc2 Ng4 26. Bxd5 Bxc3 27. bxc3 Bxd5 28. Qxd5 Rxc3 29. Qd7 Re6 30. Nd4 Rexe3 31. Kg2 Rxe1 32. Rxe1 Ne3+ 33. Kh3 Qf6 34. Qe8+ Kg7 35. Rxe3 Rxe3 36. Qxe3 a5 37.
Qe4 b4 38. axb4 axb4 39. Qd5 Qb6 40. Kg2 Qc7 41. Qe5+ Qxe5 42. fxe5 f6 43. e6 Kf8 44. Kf3 Ke7 45. Ke4 b3 46. Nxb3 Kxe6 47. Nd4+ Kd6 48. h4 Kc5 49. Ne6+ Kd6 50. Nf4 g5 51. Nxh5 Ke6 52. Ng7+ Ke7 53. Nf5+ Kf7 54. h5 1-0

[Event "Late-Titled-Tuesday-Blitz-January-16-2024"]
[Site "Chess.com"]
[Date "2024.01.16"]
[Round "3"]
[White "tptagain"]
[Black "PepeCuenca"]
[Result "1-0"]
[WhiteElo "2968"]
[BlackElo "2681"]
[TimeControl "180+1"]
[EndTime "14:28:00 PST"]
[Termination "tptagain won by resignation"]

1. Nf3 d5 2. d4 Nf6 3. e3 Bf5 4. c4 c6 5. Nc3 e6 6. Nh4 Be4 7. f3 Bg6 8. Bd2 Be7 9. g4 Nfd7 10. Nxg6 hxg6 11. Bd3 Bh4+ 12. Kf1 Nf6 13. Kg2 Nbd7 14. cxd5 exd5 15. Qe2 Nf8 16. f4 Ne6 17. g5 Ng8 18. Qg4 Ne7 19. Ne2 Qd7 20. Ng1 Nc5 21. Qxd7+ Nxd7 22. Nf3 f6 23. Bb4 Nf5 24. Bxf5 gxf5 25. g6 a5 26. Bd6 Nb6 27. b3 Nc8 28. Ba3 a4 29. Bc5 Rh6 30. Kf1 Kd7 31. Ke2 Ra6 32. Bf8 axb3 33.
axb3 Rxa1 34. Rxa1 Rxg6 35. Nxh4 Rh6 36. Nf3 Rh7 37.
Rg1 g6 38. Rxg6 Rf7 39. Rg7 Rxg7 40. Bxg7 Ke7 41. Nh4 Ke6 42. Bf8 Na7 43. Nf3 Nb5 44. Kd3 b6 45. h4 Kf7 46. Bb4 Kg6 47. Ke2 Nc7 48. Be7 Ne8 49. Kf2 Kf7 50. Bd8 b5 51. h5 Ng7 52. h6 Ne6 53. h7 Kg7 54. Bxf6+ Kxh7 55. Ng5+ Nxg5 56. fxg5 1-0

[Event "Late-Titled-Tuesday-Blitz-January-16-2024"]
[Site "Chess.com"]
[Date "2024.01.16"]
[Round "3"]
[White "Heinza9"]
[Black "katharinareinecke"]
[Result "1-0"]
[WhiteElo "2336"]
[BlackElo "2033"]
[TimeControl "180+1"]
[EndTime "14:28:01 PST"]
[Termination "Heinza9 won on time"]

1. e4 c6 2. d4 d5 3. exd5 cxd5 4. c4 Nf6 5. Nc3 Be6 6. cxd5 Bxd5 7. Bb5+ Nc6 8. Nf3 e6 9. O-O Be7 10. Ne5 Rc8 11.
Qa4 a6 12. Bxc6+ Bxc6 13. Nxc6 Rxc6 14. Rd1 O-O 15. Bg5 h6 16. Bxf6 Bxf6 17. d5 exd5 18. Nxd5 Qc8 19. Nxf6+ Rxf6 20. Qd7 Qxd7 21. Rxd7 b5 22.
Rad1 Rc8 23. Rd8+ Rxd8 24. Rxd8+ Kh7 25. Kf1 Rc6 26. Rd2 Kg6 27. Ke2 f5 28. g3 Kf6 29.
f4 g5 30. fxg5+ hxg5 31. Kf3 g4+ 32. Kf2 Ke5 33. Ke3 Rh6 34. Rc2 Rd6 35. Rc5+ Ke6 36. b4 Kf6 37. a4 Re6+ 38. Kd3 bxa4 39. Ra5 Rd6+ 40. Ke3 Re6+ 41. Kd3 Rd6+ 42. Kc3 Re6 43. Rxa4 Re2 44. Rxa6+ Kg5 45. b5 Rxh2 46. b6 Rh7 47.
Ra7 Rh8 48. b7 Rb8 49. Kd3 f4 50. Ra5+ Kf6 51. gxf4 Rxb7 52. Rg5 Rd7+ 53. Ke3 Re7+ 54. Kf2 Rd7 55. Kg3 Rd4 56. Kxg4 Kf7 57. Ra5 Rd6 58.
Ra7+ Kf6 59. Ra8 Rb6 60. Rh8 Rc6 61. Rh6+ 1-0

[Event "Late-Titled-Tuesday-Blitz-January-16-2024"]
[Site "Chess.com"]
[Date "2024.01.16"]
[Round "3"]
[White "maximnovik"]
[Black "sergoy"]
[Result "0-1"]
[WhiteElo "2531"]
[BlackElo "3009"]
[TimeControl "180+1"]
[EndTime "14:28:02 PST"]
[Termination "sergoy won by resignation"]

1. e4 c5 2. Nf3 d6 3. d4 cxd4 4. Nxd4 Nf6 5. Nc3 a6 6. a4 g6 7.
Be2 Bg7 8. O-O O-O 9. a5 Nc6 10. Nxc6 bxc6 11. Be3 Rb8 12. Bb6 Qe8 13. Ra2 Nd7 14.
Bd4 Nf6 15. e5 dxe5 16. Bxe5 Ra8 17. Bf3 Be6 18. Ra1 h5 19. h3 Qc8 20. Qe2 Qb7 21. Na4 Nd7 22. Bxg7 Kxg7 23. b3 Rfc8 24. Rfe1 Qb4 25. Nb2 Rab8 26. Nd3 Qd4 27. Rad1 Qf6 28. Qe3 Rb5 29. Nf4 Bf5 30. Qxe7 Qxe7 31. Rxe7 Ne5 32.
Be2 Rxa5 33. b4 Kf6 34. bxa5 Kxe7 35. Rb1 Bxc2 36. Rb7+ Kd6 37. Bxa6 Ra8 38. Rb6 Nd7 39. Rb2 Rxa6 40. Rxc2 Rxa5 41. Rd2+ Kc7 42. g3 Nb6 43. Re2 Nd5 44. Nxd5+ Rxd5 45. Re7+ Rd7 46. Re5 Kb6 47.
g4 hxg4 48. hxg4 c5 49. Kf1 Kb5 50. Ke2 Kb4 51. Re8 c4 52. Rb8+ Kc3 53. f4 Re7+ 54. Kf3 Kc2 55. f5 g5 56. Rc8 c3 57. Rc6 Kd2 58. f6 Rd7 59. Ke4 c2 60. Kf5 c1=Q 61.
Rxc1 Kxc1 62. Kxg5 Rd8 63. Kh6 Rg8 64. g5 Rg6+ 65. Kh5 Kd2 66. Kg4 Kd3 67. Kf5 Kd4 68. Kf4 Kd5 69. Kf5 Kd6 0-1

[Event "Late-Titled-Tuesday-Blitz-January-16-2024"]
[Site "Chess.com"]
[Date "2024.01.16"]
[Round "3"]
[White "ChessSwole"]
[Black "ToddBryant"]
[Result "0-1"]
[WhiteElo "2647"]
[BlackElo "2313"]
[TimeControl "180+1"]
[EndTime "14:28:02 PST"]
[Termination "ToddBryant won by checkmate"]

1. e4 c5 2. Nf3 d6 3. d4 cxd4 4. Nxd4 Nf6 5. Nc3 g6 6. Be3 Bg7 7. f3 O-O 8. Qd2 Nc6 9. O-O-O Bd7 10. h4 Rc8 11. Kb1 Ne5 12. Bh6 Bxh6 13. Qxh6 Rxc3 14. bxc3 Qa5 15. h5 Qxc3 16. hxg6 fxg6 17. Qd2 Qc7 18.
Qb4 a5 19. Qb3+ Kg7 20. Bb5 Bc8 21. a4 Nc6 22. Qe3 e5 23. Nb3 Be6 24. Rd2 Rc8 25. Bxc6 Qxc6 26. Rhd1 Ne8 27. Qa7 Qxa4 28. Qxa5 Bxb3 29.
Qxa4 Bxa4 30. Kb2 Kf7 31. Ra1 b5 32. c3 Ke6 33. g4 Nf6 34. Rh2 Rc7 35. Rh6 Ng8 36.
Rh4 Nf6 37. Rh6 Re7 38. Rah1 d5 39. exd5+ Kxd5 40. R1h5 Nxh5 41. gxh5 g5 42. Kc1 Kc4 43. Kd2 Rd7+ 44. Ke3 Kxc3 45. Rc6+ Kb2 46. Ke4 b4 47. Rb6 Bc2+ 48. Kxe5 b3 49. Ke6 Rd3 50. Kf6 Rxf3+ 51. Kxg5 Ka2 52. Kh6 b2 53. Ra6+ Kb1 54. Rb6 Kc1 55.
Kg7 b1=Q 56. Rxb1+ Kxb1 57. h6 Rg3+ 58. Kh8 Rh3 59. Kg7 Rh4 60. Kh8 Rxh6 61. Kg7 Rh3 62. Kf6 Rg3 63. Ke5 Rg6 64. Kf4 h5 65. Ke3 h4 66. Kf2 h3 67. Ke3 h2 68. Kf2 h1=Q 69.
Ke3 Qh3+ 70. Kd4 Rg4+ 71. Ke5 Qh5+ 72. Kf6 Rg6+ 73. Kf7 Qh7+ 74. Kf8 Rg8# 0-1

[Event "Late-Titled-Tuesday-Blitz-January-16-2024"]
[Site "Chess.com"]
[Date "2024.01.16"]
[Round "3"]
[White "APOKALIPSA13"]
[Black "tactic"]
[Result "0-1"]
[WhiteElo "2152"]
[BlackElo "2544"]
[TimeControl "180+1"]
[EndTime "14:28:07 PST"]
[Termination "tactic won by resignation"]

1. e4 d5 2. exd5 c6 3. Nf3 cxd5 4. d4 Nf6 5. h3 g6 6. Bd3 Bg7 7. O-O O-O 8. Re1 Bf5 9. Bxf5 gxf5 10. Qd3 Ne4 11. Ne5 f6 12. Nf3 Nc6 13. c4 dxc4 14. Qxc4+ Kh8 15. Nc3 Nxc3 16. bxc3 e5 17. Nh4 Qd7 18.
d5 Ne7 19. Ba3 Rfc8 20. Qd3 Nxd5 21. Bb2 e4 22. Qd4 Qe6 23. Rad1 Nb6 24. f3 Qxa2 25.
Ba1 Qc4 26. Nxf5 Qxd4+ 27. Rxd4 exf3 28. Re7 Bf8 29. Rf7 Bc5 30. c4 Nxc4 31. Kh2 Bxd4 32. Bxd4 Ne5 33. Rxf6 Re8 34. gxf3 Kg8 35. Kg3 Rad8 36.
Nh6+ Kg7 37. Bxe5 Rxe5 38. Ng4 Re7 39. Rf5 a6 40. Rg5+ Kf7 41. Nh6+ Kf6 42. h4 Rd4 43.
Ng4+ Kf7 44. Rf5+ Ke6 45. Rf6+ Kd7 46. Rh6 a5 47. Rb6 Kc7 48. Rb5 b6 49. Ne5 Rg7+ 50.
Kf2 Rb4 51. Rd5 a4 52. Nd3 Rb3 53. Nf4 Rd7 54. Rh5 a3 55. Nd5+ Kb7 56. Ne3 a2 57. Rxh7 Rxh7 0-1

[Event "Late-Titled-Tuesday-Blitz-January-16-2024"]
[Site "Chess.com"]
[Date "2024.01.16"]
[Round "3"]
[White "ozen_metehan"]
[Black "Durarbayli"]
[Result "0-1"]
[WhiteElo "2451"]
[BlackElo "2864"]
[TimeControl "180+1"]
[EndTime "14:28:08 PST"]
[Termination "Durarbayli won by resignation"]

1. e4 e6 2. d3 d5 3. Nd2 c5 4.
Ngf3 Nc6 5. g3 Bd6 6. Bg2 Nge7 7. O-O O-O 8. Re1 Qc7 9. exd5 exd5 10. c4 Bg4 11. h3 Bh5 12. cxd5 Nxd5 13. Nc4 Rfe8 14. Rxe8+ Rxe8 15. g4 Bg6 16. Nh4 Nf4 17. Nxd6 Qxd6 18. Bxf4 Qxf4 19. Nxg6 hxg6 20. Qf3 Qd2 21. b3 Re1+ 22.
Rxe1 Qxe1+ 23. Kh2 Nd4 24. Qe3 Qxe3 25. fxe3 Nc2 26.
Bxb7 Nxe3 27. Kg3 Nc2 28. Kf4 Nb4 29. Ke4 Nxa2 30. Kd5 Nc1 31. Kxc5 Nxd3+ 32. Kb5 Kf8 33. Bg2 f5 34. Bf1 Nc1 35. b4 Na2 36. Bc4 Nc3+ 37. Ka6 f4 38. Kxa7 Ke7 39. b5 Nxb5+ 40. Bxb5 Kd6 41. Kb6 Kd5 42. Bd3 g5 43. Be2 Ke4 44.
Kc5 f3 45. Bf1 Ke3 46. Kd5 Kf2 47. Bb5 Kg2 48. Ke5 Kxh3 49. Kf5 Kh4 50. Bc4 g6+ 51. Kxg6 Kxg4 52. Kf6 Kf4 53. Bf1 g4 54. Bb5 g3 0-1

[Event "Late-Titled-Tuesday-Blitz-January-16-2024"]
[Site "Chess.com"]
[Date "2024.01.16"]
[Round "3"]
[White "dianamirza"]
[Black "Hui_Li_Macau"]
[Result "0-1"]
[WhiteElo "1999"]
[BlackElo "2317"]
[TimeControl "180+1"]
[EndTime "14:28:09 PST"]
[Termination "Hui_Li_Macau won on time"]

1. e4 e5 2. Nf3 Nf6 3. Nxe5 d6 4. Nf3 Nxe4 5. Nc3 Nxc3 6. dxc3 Be7 7. Bf4 Nc6 8. Qd2 Be6 9. O-O-O Qd7 10. Kb1 O-O-O 11.
Nd4 Nxd4 12. cxd4 d5 13. Qa5 Kb8 14. Bb5 Qc8 15. Rhe1 Bd6 16. Be5 Bxe5 17. dxe5 c6 18. Bd3 Rhe8 19. f4 Bg4 20. Rd2 Bf5 21. Be2 Qc7 22. Qb4 h6 23. g4 Be4 24. Bf1 g5 25.
fxg5 hxg5 26. Rf2 Qxe5 27. Ba6 Qc7 28. Ref1 Qb6 29. Qxb6 axb6 30. Bd3 Bg6 31. Bxg6 fxg6 32. Rf7 Re2 33. a4 Rxh2 34. Rg7 Ka7 35. Rff7 Rb8 36. Rxg6 Ka6 37. Rxg5 Rg2 38. Rgg7 b5 39. axb5+ Kxb5 40. g5 Kc5 41. g6 b5 42. Rf6 b4 43. Rc7 b3 44.
cxb3 Rxb3 45. Rfxc6+ Kd4 46. g7 Rgxb2+ 47. Kc1 Rb1+ 48.
Kd2 Rg1 49. Rf6 Rb2+ 0-1

[Event "Late-Titled-Tuesday-Blitz-January-16-2024"]
[Site "Chess.com"]
[Date "2024.01.16"]
[Round "3"]
[White "DarkAlekhine"]
[Black "zverr1"]
[Result "1-0"]
[WhiteElo "2733"]
[BlackElo "2507"]
[TimeControl "180+1"]
[EndTime "14:28:10 PST"]
[Termination "DarkAlekhine won on time"]

1. c4 c5 2. Nc3 Nc6 3. g3 g6 4. Bg2 Bg7 5. e3 e5 6. Nge2 Nge7 7. O-O O-O 8. Rb1 d6 9. a3 a5 10. d3 Be6 11. Nd5 Rb8 12. Nec3 Qd7 13. Re1 f5 14. b4 axb4 15. axb4 Bf7 16. b5 Nxd5 17. Nxd5 Ne7 18. Qb3 Nxd5 19. cxd5 Ra8 20.
Bb2 b6 21. Ra1 Qb7 22. Qc4 Rfe8 23. Ra6 Ra7 24. Rea1 Rea8 25. Qa4 Rxa6 26. bxa6 Qa7 27. Qc6 Bf8 28. f4 Be8 29. Qb7 exf4 30. gxf4 Bd7 31.
e4 Bc8 32. Qc6 Bd7 33. Qb7 Bc8 34. Qxa7 Rxa7 35. e5 Rxa6 36. Re1 Ra2 37. Bc3 Ra3 38. Bb2 Rxd3 39. exd6 Bxd6 40. Re8+ Kf7 41. Rxc8 Rd1+ 42. Bf1 Rxd5 43. Bc4 Ke6 44. Rh8 Bxf4 45. Rxh7 Kd6 46. Bxd5 Kxd5 47. Kg2 g5 48. Kf3 Kc4 49. h4 1-0

[Event "Late-Titled-Tuesday-Blitz-January-16-2024"]
[Site "Chess.com"]
[Date "2024.01.16"]
[Round "3"]
[White "Mops_2004"]
[Black "ShahMatKanal"]
[Result "1/2-1/2"]
[WhiteElo "2685"]
[BlackElo "2500"]
[TimeControl "180+1"]
[EndTime "14:28:10 PST"]
[Termination "Game drawn - insufficient material"]

1. Nf3 c5 2. c4 Nc6 3. Nc3 e5 4. e3 d6 5. d4 cxd4 6. exd4 Be7 7. Be2 Nf6 8. O-O O-O 9. h3 Bf5 10. Be3 h6 11. d5 Nb8 12. b4 Ne4 13. Nxe4 Bxe4 14.
Nd2 Bg6 15. Qb3 Nd7 16. Rac1 b6 17. Rfd1 Bg5 18. g3 Bxe3 19. Qxe3 f5 20. f4 a5 21. a3 Re8 22. Bf1 axb4 23. axb4 exf4 24. Qxf4 Ne5 25. Nf3 Ra3 26. Nxe5 Rxe5 27. Re1 Qe7 28. Qf2 Bf7 29. Bg2 g6 30. Kh2 h5 31. Rxe5 Qxe5 32. Re1 Qc3 33.
c5 bxc5 34. bxc5 Qxc5 35. Qxc5 dxc5 36. Rd1 Kf8 37. d6 Ke8 38. Bc6+ Kd8 39. Rb1 Rb3 40.
Rxb3 Bxb3 41. Kg2 c4 42. Kf2 c3 43. Ke3 g5 44. Kd3 c2 45. Kd2 f4 46. gxf4 gxf4 47.
h4 Bf7 48. Kxc2 Be8 49. Bxe8 Kxe8 50. Kd3 Kd7 51. Ke4 Kxd6 52. Kxf4 Ke6 53. Kg5 Kf7 54.
Kxh5 Kg8 55. Kg4 Kh8 56. h5 Kg8 57. h6 Kh8 58. h7 Kxh7 1/2-1/2

[Event "Late-Titled-Tuesday-Blitz-January-16-2024"]
[Site "Chess.com"]
[Date "2024.01.16"]
[Round "3"]
[White "Maxfan2008"]
[Black "NoHeThTo"]
[Result "0-1"]
[WhiteElo "2502"]
[BlackElo "2716"]
[TimeControl "180+1"]
[EndTime "14:28:11 PST"]
[Termination "NoHeThTo won by resignation"]

1. e4 c5 2. Nf3 g6 3. d4 cxd4 4.
Qxd4 Nf6 5. Nc3 Nc6 6. Qa4 d6 7. e5 dxe5 8. Nxe5 Bd7 9. Nxd7 Nxd7 10. Bd2 Bg7 11. O-O-O Nb6 12. Qe4 Qc8 13. h4 Qf5 14. Qxf5 gxf5 15. h5 O-O-O 16. Bd3 e6 17. Rhe1 Nb4 18.
Bb5 a6 19. Na4 N6d5 20. Be2 b5 21. Nb6+ Nxb6 22. Bxb4 Bh6+ 23. Kb1 Rxd1+ 24. Rxd1 Nd5 25. Ba5 Bf4 26. Bf3 Ne7 27. Bb4 Bg5 28. a4 bxa4 29. Rd6 Kc7 30. Rxa6 Nc8 31. Rc6+ Kd7 32. Ra6 Be7 33.
Bc3 Rg8 34. Be5 f6 35. Bc6+ Kd8 36. Bc3 e5 37. Bxa4 Bd6 38. Ba5+ Ke7 39. Bc6 e4 40. f3 Rxg2 41. fxe4 f4 42. e5 Rg1+ 43. Ka2 Bxe5 44. Bb7 Nd6 45. Bd5 Rf1 46. Ra7+ Kf8 47. Bb4 Rd1 48. Be6 f3 49. Bxd6+ Rxd6 50. Bf5 f2 51.
Bh3 Rd1 52. Rxh7 f1=Q 53. Bxf1 Rxf1 54. c3 Rh1 55. Kb3 Rh2 56. h6 f5 57. Ra7 Rxh6 58. Ra5 Re6 59. Kc4 Kf7 60. Kd5 Kf6 61. Rb5 Rd6+ 62.
Kc4 Rd2 63. b4 f4 64. Rc5 f3 65. Rd5 Rxd5 0-1

[Event "Late-Titled-Tuesday-Blitz-January-16-2024"]
[Site "Chess.com"]
[Date "2024.01.16"]
[Round "3"]
[White "GHANDEEVAM2003"]
[Black "GMAkobianSTL"]
[Result "1-0"]
[WhiteElo "3000"]
[BlackElo "2699"]
[TimeControl "180+1"]
[EndTime "14:28:12 PST"]
[Termination "GHANDEEVAM2003 won on time"]

1. c4 e6 2. Nf3 d5 3. e3 Nf6 4. Nc3 Be7 5. b3 b6 6. Bb2 Bb7 7. cxd5 exd5 8. Ne2 Nbd7 9. Rc1 O-O 10. Ned4 Re8 11.
Nc6 Bxc6 12. Rxc6 Nb8 13. Rc1 c5 14. Qc2 Nc6 15. Bb5 Rc8 16. O-O a6 17. Be2 b5 18.
Qf5 g6 19. Qh3 d4 20. exd4 cxd4 21. Bd3 Nd5 22. g3 Ndb4 23. Bb1 Bf6 24. a3 d3 25. Bc3 Nd5 26. Rfd1 Nxc3 27. dxc3 Qd5 28. Nd2 Ne5 29. Qg2 Qxg2+ 30. Kxg2 Be7 31. b4 Red8 32. Nb3 Nc4 33. Rxd3 Rxd3 34. Bxd3 Nxa3 35. Be4 Rc7 36. Bd5 Nc4 37. Bxc4 Rxc4 38. Nd2 Rc6 39. Nb3 Rc4 40. Na5 Rc7 41. Nb3 Bf6 42. Nc5 Rc6 43. Kf3 Be7 44.
Nd3 f5 45. Ke2 Bf6 46. Kd2 Kf7 47. f4 Ke6 48. Nc5+ Kd6 49. Kc2 Kd5 50. Kb3 Rxc5 51. bxc5 Kxc5 52. Re1 a5 53. Re6 a4+ 54. Kc2 Bd8 55.
Re8 Bb6 56. Re7 1-0

[Event "Late-Titled-Tuesday-Blitz-January-16-2024"]
[Site "Chess.com"]
[Date "2024.01.16"]
[Round "3"]
[White "Sacbutt"]
[Black "AldokhinIvan"]
[Result "1/2-1/2"]
[WhiteElo "2356"]
[BlackElo "2570"]
[TimeControl "180+1"]
[EndTime "14:28:12 PST"]
[Termination "Game drawn - insufficient material"]

1. e4 c5 2. Nf3 e6 3. d4 cxd4 4. c3 dxc3 5. Nxc3 Nc6 6. Bc4 a6 7. O-O b5 8. Bb3 Bb7 9. Bf4 Nge7 10. Qe2 Ng6 11. Bg3 Be7 12. Nd5 O-O 13. Nxe7+ Qxe7 14. Rfd1 d5 15. exd5 exd5 16. Qxe7 Ncxe7 17. Rac1 Rac8 18. Nd4 Rxc1 19. Rxc1 Rc8 20. Re1 Rd8 21. h4 Nc6 22. Nf5 Bc8 23. Nd6 Be6 24. h5 Nge7 25.
Nb7 Ra8 26. Nc5 Nd4 27. Nxe6 fxe6 28. Bd1 Nef5 29. Be5 Kf7 30. g4 Rc8 31. gxf5 Nxf5 32. Bg4 g6 33. hxg6+ Kxg6 34. Kg2 Rc4 35. Bxf5+ Kxf5 36. f4 Re4 37. Rh1 Re3 38. Rxh7 Ke4 39. Re7 d4 40.
Rxe6 Re2+ 41. Kg3 Rxb2 42. a3 Rb3+ 43. Kg4 Rxa3 44. Bd6+ Kd5 45. Bxa3 Kxe6 46. f5+ Kf7 47. Kf4 a5 48. Ke4 b4 49. Bb2 a4 50. Kxd4 a3 51. Bxa3 bxa3 52. Kc3 Kf6 53. Kb3 Kxf5 54. Kxa3 1/2-1/2

[Event "Late-Titled-Tuesday-Blitz-January-16-2024"]
[Site "Chess.com"]
[Date "2024.01.16"]
[Round "3"]
[White "KNVB"]
[Black "Beca95"]
[Result "1-0"]
[WhiteElo "2701"]
[BlackElo "2955"]
[TimeControl "180+1"]
[EndTime "14:28:13 PST"]
[Termination "KNVB won on time"]

1. d4 Nf6 2. Bf4 d6 3. e3 Nbd7 4. h3 e5 5. Bh2 g6 6. Nf3 Qe7 7. c3 Bg7 8. Be2 O-O 9. a4 h6 10. O-O Nh7 11. Na3 a6 12. dxe5 dxe5 13. e4 Ng5 14. Nxg5 Qxg5 15. Qc1 Nc5 16. Qxg5 hxg5 17.
Nc4 f6 18. f3 a5 19. Nxa5 Rxa5 20. b4 Rxa4 21. bxc5 Rxa1 22. Rxa1 Bd7 23. Bc4+ Kh7 24.
Kf1 Rd8 25. Ke2 Bc6 26. Be6 Bh6 27. Ra2 Kg7 28. c4 Be8 29. Ra7 Rb8 30. Bg3 Kf8 31. Bf2 Ke7 32. Bg4 c6 33. Kd3 Bf8 34. Kc3 Kd8 35.
h4 gxh4 36. Bxh4 Be7 37. Bf2 Bd7 38. Bxd7 Kxd7 39. Ra1 Rh8 40. Kd3 Rh2 41. Rg1 f5 42. Be3 f4 43. Bf2 g5 44. Ke2 Kc7 45. Kd3 Rh8 46. Ra1 g4 47. fxg4 Rg8 48. Ke2 Rxg4 49. Kf3 Rg8 50. Rh1 Rd8 51. Rh7 Rd7 52. Kg4 Kd8 53. Rh8+ Kc7 54. Rh7 Kd8 55. Bh4 Bxh4 56. Rxd7+ Kxd7 57. Kxh4 1-0

[Event "Late-Titled-Tuesday-Blitz-January-16-2024"]
[Site "Chess.com"]
[Date "2024.01.16"]
[Round "3"]
[White "Jagerrmeisterr"]
[Black "MITerryble"]
[Result "0-1"]
[WhiteElo "2707"]
[BlackElo "3029"]
[TimeControl "180+1"]
[EndTime "14:28:14 PST"]
[Termination "MITerryble won by resignation"]

1. e4 e6 2. d4 d5 3. Nd2 Be7 4. g3 c5 5. dxc5 Nf6 6. Qe2 O-O 7.
Bg2 Na6 8. e5 Nd7 9. Ngf3 Naxc5 10. O-O b5 11. Rd1 b4 12. h4 Ba6 13. Qe3 Qc7 14. h5 Rac8 15. a3 bxa3 16. Rxa3 Nb8 17. h6 g6 18. Nd4 Ncd7 19. N2f3 Bxa3 20. bxa3 Nc6 21. Nxc6 Qxc6 22. Nd4 Qc7 23. Bb2 Rb8 24. Ba1 Rfc8 25. Bxd5 Qxe5 26. Qxe5 Nxe5 27. Nxe6 fxe6 28. Bxe6+ Nf7 29. Rd7 Rf8 30. Rxa7 Rb1+ 31. Kh2 Bc8 32. Bb3 Rxa1 33. Rc7 Bg4 34. Kg2 Rb1 35. f3 Rxb3 36.
cxb3 Be6 37. b4 Ra8 38. Re7 Bc4 39. a4 Kf8 40. Rc7 Bd3 41. a5 Nxh6 42. g4 Nf7 43.
Kg3 Rb8 44. Rc3 Ba6 45. f4 Rxb4 46. Rc6 Bb7 47. Rc7 Rb5 48. Kh4 Bf3 49. a6 Ra5 50. a7 Kg7 51. Kg3 Ra3 52. f5 g5 53. Kf2 Bxg4 54.
Kg2 Bxf5 55. Kf2 h5 56. Kg2 h4 57. Kh2 g4 58. Kg2 Be4+ 59. Kf2 g3+ 60. Ke2 g2 61. Kf2 Ra2+ 62. Ke3 g1=Q+ 63. Kf4 Qg3+ 64. Kxe4 Qxc7 65. a8=Q 0-1